 Dungeon Crawl Stone Soup version 0.21.1-1-g345015f (webtiles) character file.

3836 Dfrag the Destroyer (level 10, 0/75 HPs)
             Began as a Naga Conjurer on Feb 11, 2018.
             Was a Priest of Nemelex Xobeh.
             Slain by a hornet zombie (11 damage)
             ... in an ossuary on Feb 17, 2018.
             The game lasted 00:16:10 (6716 turns).

Dfrag the Destroyer (Naga Conjurer)                 Turns: 6716, Time: 00:16:11

Health: 0/75       AC:  8    Str: 12    XL:     10   Next: 18%
Magic:  20/23      EV: 10    Int: 18    God:    Nemelex Xobeh [***...]
Gold:   407        SH:  4    Dex: 11    Spells: 17/28 levels left

rFire    . . .     SeeInvis +   K - +5 dire flail
rCold    . . .     Gourm    .   (shield currently unavailable)
rNeg     + . .     Faith    .   a - +0 robe
rPois    +         Spirit   .   j - +2 hat
rElec    .         Reflect  +   x - +0 cloak {+Inv}
rCorr    .         Harm     .   z - +0 pair of gloves
MR       +....                  (no barding)
Stlth    ++........             m - +4 amulet of reflection
HPRegen  0.22/turn              H - ring of wizardry
MPRegen  0.18/turn              E - ring of positive energy

@: very slow
A: large, see invisible, deformed body, poison resistance, slowness 2, slow
metabolism 1, spit poison 1, AC +3
a: Spit Poison, Triple Draw, Renounce Religion, Evoke Invisibility


You were in an ossuary.
You worshipped Nemelex Xobeh.
Nemelex Xobeh was most pleased with you.
You were not hungry.

You visited 1 branch of the dungeon, and saw 8 of its levels.
You also visited: Ossuary.

You collected 407 gold pieces.

Inventory:

Hand Weapons
 K - a +5 dire flail (weapon)
Armour
 a - a +0 robe (worn)
 j - a +2 hat (worn)
 x - a +0 cloak of invisibility (worn)
 z - a +0 pair of gloves (worn)
Jewellery
 d - an uncursed ring of see invisible
 m - a +4 amulet of reflection (around neck)
 E - a ring of positive energy (right hand)
 H - a ring of wizardry (left hand)
 L - a +2 ring of evasion {unknown}
 O - an uncursed amulet of rage
Wands
 J - a wand of disintegration (10)
Scrolls
 h - 5 scrolls of remove curse
 n - 8 scrolls of fear
 o - 4 scrolls of fog
 p - 8 scrolls of teleportation
 s - 4 scrolls of magic mapping
 t - 3 scrolls of blinking
 y - a scroll of random uselessness
 C - a scroll of enchant armour
 D - 2 scrolls of enchant weapon
Potions
 f - a potion of brilliance
 g - 3 potions of heal wounds
 i - 8 potions of haste {unknown}
 k - a potion of agility {unknown}
 q - a potion of lignification
 r - 3 potions of flight {unknown}
 u - a potion of magic {unknown}
 w - a potion of mutation {unknown}
 F - 6 potions of curing {unknown}
 N - a potion of berserk rage {unknown}
 P - a potion of might {unknown}
Books
 b - a book of Conjurations

   Spells                             Type                      Level
   a - Magic Dart                     Conjuration                  1
   b - Searing Ray                    Conjuration                  2
   c - Dazzling Spray                 Conjuration/Hexes            3
   d - Fulminant Prism                Conjuration/Hexes            4
   e - Force Lance                    Conjuration/Translocation    4
   f - Iskenderun's Mystic Blast      Conjuration                  4
 A - a book of Maledictions

   Spells                             Type                      Level
   a - Corona                         Hexes                        1
   b - Ensorcelled Hibernation        Hexes/Ice                    2
   c - Confuse                        Hexes                        3
   d - Tukima's Dance                 Hexes                        3
   e - Dazzling Spray                 Conjuration/Hexes            3
 I - a book of Battle

   Spells                             Type                      Level
   a - Infusion                       Charms                       1
   b - Shroud of Golubria             Charms/Translocation         2
   c - Song of Slaying                Charms                       2
   d - Spectral Weapon                Hexes/Charms                 3
   e - Regeneration                   Charms/Necromancy            3
Miscellaneous
 l - a plain deck of summoning
 v - an ornate deck of summoning {drawn: 3}
 B - a legendary deck of summoning
 G - a plain deck of escape
 M - a legendary deck of destruction {drawn: 1}
Comestibles
 c - 12 rations


   Skills:
 - Level 1.5 Dodging
 - Level 3.0 Stealth
 + Level 9.5 Spellcasting
 + Level 10.8 Conjurations


You had 17 spell levels left.
You knew the following spells:

 Your Spells              Type           Power        Failure   Level  Hunger
a - Magic Dart            Conj           ####         1%          1    None
b - Searing Ray           Conj           #####.       1%          2    None
c - Iskenderun's Mystic   Conj           #####...     1%          4    ###....
d - Force Lance           Conj/Tloc      ####....     3%          4    ###....


Dungeon Overview and Level Annotations

Branches:
Dungeon (8/15)             Temple (0/1) D:5
   Lair: D:8-11

Altars:
Fedhas
Kikubaaqudgha
Nemelex Xobeh
Trog


Innate Abilities, Weirdness & Mutations

You cannot wear boots.
Your serpentine skin is tough. (AC +3)
You have supernaturally acute eyesight. (SInv)
Armour fits poorly on your strangely shaped body.
Your system is resistant to poisons. (rPois)
You cover ground very slowly.
You have a slow metabolism.
You can spit poison.


Message History

You enter the shallow water.
Moving in this stuff is going to be slow.
A bog mummy comes into view.
A mummy comes into view.
The mummy moves out of view.
You open the door.
A hornet zombie comes into view.
The hornet zombie hits you!
The hornet zombie hits you but does no damage.
The hornet zombie hits you! You block the hornet zombie's attack.
You hit the withered plant.
The withered plant is lightly damaged.
The hornet zombie barely misses you. The hornet zombie barely misses you.
The hornet zombie hits you! x2
* * * LOW HITPOINT WARNING * * *
The hornet zombie hits you!
* * * LOW HITPOINT WARNING * * *
The hornet zombie hits you!
You die...
Your body glows slightly and disappears.

###.'c∩.#≈#...'.###
+.#..∩#.#...#.'.#
#.#####≈#####.###
'.' '≈' #.'.'.#
##.# #≈#####.###
'.# #...#.'.# #.'
#...'.### +.#
#...#.'.#
#≈#####@###
.≈≈.≈M≈≈Z.#
#'#≈#'#≈### #.≈P#
#≈≈## ###


You could see a bog mummy and a hornet zombie.

Vanquished Creatures
  A hippogriff (D:8)
  A hornet (D:7)
  A hungry ghost (D:7)
  Menkaure (D:7)
  A black bear (D:6)
  A phantom (D:4)
  An ice beast (D:7)
  2 ogres
  2 orc warriors
  2 centaurs
  A big kobold (D:8)
  A bullfrog (D:8)
  3 scorpions
  5 killer bees (D:8)
  3 wights (D:7)
  4 howler monkeys
  2 centaur zombies (Ossuary)
  5 crimson imps
  4 bullfrog zombies
  4 orc priests
  Crazy Yiuf (D:5)
  3 hounds
  A bullfrog skeleton (D:7)
  2 iguanas
  3 mummies (Ossuary)
  4 orc wizards
  4 worker ants
  2 hound zombies (Ossuary)
  A howler monkey zombie (Ossuary)
  4 gnolls (D:3)
  8 adders
  An ooze (D:4)
  2 adder zombies (Ossuary)
  An adder skeleton (D:4)
  A worm (D:4)
  2 dart slugs
  4 leopard geckos
  19 orcs
  3 bats
  8 giant cockroaches
  18 goblins
  9 hobgoblins
  5 quokkas
  A ball python skeleton (D:5)
  7 frilled lizards
  A giant cockroach zombie (D:5)
  A jackal zombie (Ossuary)
  10 kobolds
  A leopard gecko skeleton (D:5)
  3 rats
175 creatures vanquished.

Vanquished Creatures (collateral kills)
  The ghost of Alphaeus the Ducker, a novice GnMo (D:4)
  An orc warrior (D:6)
  4 bullfrog zombies (Ossuary)
  2 hound zombies (Ossuary)
  13 mummies (Ossuary)
  An adder zombie (Ossuary)
  A worm (D:4)
  3 jackals (D:4)
26 creatures vanquished.

Vanquished Creatures (others)
  A human (D:4)
  An orc (D:4)
2 creatures vanquished.

Grand Total: 203 creatures vanquished

Notes
Turn   | Place    | Note
-------+----------+-------------------------------------------
     0 | D:1      | Dfrag the Naga Conjurer began the quest for the Orb.
     0 | D:1      | Reached XP level 1. HP: 15/15 MP: 3/3
    71 | D:1      | Found a sparkling altar of Nemelex Xobeh.
    76 | D:1      | Became a worshipper of Nemelex Xobeh the Trickster
   136 | D:1      | Reached XP level 2. HP: 10/22 MP: 1/5
   557 | D:1      | Learned a level 2 spell: Searing Ray
   662 | D:2      | Received a gift from Nemelex Xobeh
   717 | D:2      | Reached XP level 3. HP: 26/28 MP: 3/6
  1417 | D:3      | Reached * piety under Nemelex Xobeh
  1450 | D:3      | Reached XP level 4. HP: 23/36 MP: 2/8
  1475 | D:3      | Reached skill level 5 in Conjurations
  1596 | D:3      | Reached XP level 5. HP: 31/42 MP: 2/10
  1657 | D:3      | Found a bloodstained altar of Trog.
  2212 | D:4      | Received a gift from Nemelex Xobeh
  2322 | D:4      | Noticed a phantom
  2436 | D:4      | Killed a phantom
  2436 | D:4      | Reached XP level 6. HP: 13/49 MP: 1/12
  2493 | D:4      | Found an ancient bone altar of Kikubaaqudgha.
  2570 | D:4      | Reached skill level 6 in Conjurations
  2839 | D:4      | Reached XP level 7. HP: 55/55 MP: 9/14
  2900 | D:4      | Noticed Alphaeus's ghost (novice GnMo)
  2914 | D:4      | Killed Alphaeus's ghost
  2914 | D:4      | Reached skill level 5 in Spellcasting
  3046 | D:4      | Noticed a human
  3048 | D:4      | Killed a human
  3218 | D:4      | Reached skill level 7 in Conjurations
  3252 | D:5      | Entered Level 5 of the Dungeon
  3430 | D:5      | Found a blossoming altar of Fedhas.
  3551 | D:5      | Reached XP level 8. HP: 41/62 MP: 4/17
  3672 | D:5      | Received a gift from Nemelex Xobeh
  3676 | D:5      | Found a staircase to the Ecumenical Temple.
  3889 | D:5      | Reached ** piety under Nemelex Xobeh
  4134 | D:5      | Found a runed door.
  4596 | D:5      | Noticed Crazy Yiuf
  4600 | D:5      | Killed Crazy Yiuf
  4640 | D:5      | Reached skill level 8 in Conjurations
  4695 | D:5      | Learned a level 4 spell: Iskenderun's Mystic Blast
  4816 | D:6      | Received a gift from Nemelex Xobeh
  4861 | D:6      | Noticed a wyvern
  4862 | D:6      | HP: 3/62 [orc warrior/battleaxe (18)]
  5263 | D:6      | Learned a level 4 spell: Force Lance
  5277 | D:7      | Reached skill level 9 in Conjurations
  5277 | D:7      | Reached XP level 9. HP: 57/68 MP: 3/20
  5634 | D:7      | Noticed Menkaure
  5638 | D:7      | Killed Menkaure
  5821 | D:7      | Reached *** piety under Nemelex Xobeh
  5821 | D:7      | Received a gift from Nemelex Xobeh
  5833 | D:7      | Noticed a hornet
  5837 | D:7      | Killed a hornet
  6011 | D:7      | Reached skill level 10 in Conjurations
  6358 | D:8      | Reached XP level 10. HP: 32/75 MP: 8/23
  6464 | D:8      | Found a sand-covered staircase.
  6494 | Ossuary  | Entered an ossuary
  6716 | Ossuary  | Slain by a hornet zombie

Skill      XL: |  1  2  3  4  5  6  7  8  9 |
---------------+----------------------------+-----
Spellcasting   | 3 4 6 7 9 |  9.5
Conjurations   | 5 6 7 9 10 | 10.8
Dodging        | |  1.5
Stealth        | |  3.0

Action                   |  1- 3 |  4- 6 |  7- 9 | 10-12 || total
-------------------------+-------+-------+-------+-------++-------
Melee: Unarmed           |    24 |    17 |    35 |       ||    76
       Dire flail        |       |       |    22 |    42 ||    64
 Cast: Magic Dart        |    52 |    51 |    24 |     3 ||   130
       Searing Ray       |     2 |    11 |    61 |    10 ||    84
       Iskenderun's Myst |       |       |     3 |       ||     3
 Abil: Spit Poison       |    23 |    13 |     4 |       ||    40
Evoke: Deck              |       |       |     3 |     1 ||     4
  Use: Scroll            |       |       |       |    13 ||    13
 Stab: Sleeping          |       |       |     1 |       ||     1
  Eat: Chunk             |     3 |     5 |     8 |     1 ||    17
       Ration            |       |       |     1 |       ||     1
Armor: Robe              |     9 |     8 |    77 |    27 ||   121
Dodge: Dodged            |    23 |    19 |    78 |    40 ||   160
Block: Other             |    10 |     7 |    40 |    15 ||    72
       Reflection        |       |     2 |       |     1 ||     3
